 Dungeon Crawl Stone Soup version 0.30-a0-634-g8abc85282e (webtiles) character file.

Game seed: 7330554820338639039

8530 Leeroy the Nimble (level 11, 0/51 HPs)
             Began as a Tengu Warper on Jan 14, 2023.
             Was a Believer of Hepliaklqana.
             Killed themself with a badly aimed concussive blast (6 damage)
             ... in an ice cave.
             The game lasted 00:22:52 (9903 turns).

Leeroy the Nimble (Tengu Warper)                    Turns: 9903, Time: 00:22:53

Health: 0/51       AC:  6    Str: 12    XL:     11   Next: 32%
Magic:  10/15      EV: 27    Int: 14    God:    Hepliaklqana [**....]
Gold:   558        SH:  0    Dex: 17    Spells: 2/14 levels left

rFire   x . .      SeeInvis .    T - +1 scimitar (flame)
rCold   + . .      Faith    .    (no shield)
rNeg    + . .      Spirit   .    w - +2 robe {rN+}
rPois   .          Reflect  .    (helmet restricted)
rElec   .          Harm     .    P - +0 cloak
rCorr   .          Rampage  .    v - +0 pair of gloves
Will    .....                    (boots unavailable)
Stlth   ++                       s - amulet of regeneration
HPRegen 1.08/turn                I - +5 ring of evasion
MPRegen 0.14/turn                C - ring of ice

@: flying quickly and evasively, quick
A: reduced essence, beak, talons 3, nimble flight
a: Renounce Religion, Recall Ancestor, Ancestor Identity


You were in an ice cave.
You worshipped Hepliaklqana.
Hepliaklqana was pleased with you.
You visited 2 branches of the dungeon, and saw 12 of its levels.
You also visited: Ice Cave.

You collected 558 gold pieces.

Inventory:

Hand Weapons
 l - a +2 dagger of venom
 r - a +1 dagger of speed
 u - a +2 rapier of venom
 J - a +2 short sword of speed
 K - a +0 long sword
 N - a +3 quarterstaff
 T - a +1 scimitar of flaming (weapon)
 V - a +1 long sword of electrocution
Missiles
 d - 6 boomerangs of dispersal
 g - 3 silver boomerangs
 D - 11 boomerangs
Armour
 b - a +0 leather armour
 v - a +0 pair of gloves (worn)
 w - a +2 robe of positive energy (worn)
 A - a +0 buckler
 M - the +3 robe of Claustrophobia {-Tele Dex+5 Archmagi}
   (You found it on level 7 of the Dungeon)

   Dex:       It affects your dexterity (+5).
   -Tele:     It prevents most forms of teleportation.
   Archmagi:  It increases the power of your magical spells.
 P - a +0 cloak (worn)
 Q - a +0 troll leather armour
Jewellery
 h - a ring of fire
 s - an amulet of regeneration (around neck)
 C - a ring of ice (right hand)
 I - a +5 ring of evasion (left hand)
 L - an amulet of the acrobat
 O - a ring of positive energy
Wands
 a - a wand of flame (20) (quivered)
 c - a wand of digging (6)
 n - a wand of roots (13)
 H - a wand of paralysis (7)
 U - a wand of polymorph (6)
Scrolls
 e - 2 scrolls of identify
 j - 3 scrolls of noise
 o - a scroll of enchant armour
 p - a scroll of enchant weapon
 q - 6 scrolls of teleportation
 t - a scroll of vulnerability
 y - 2 scrolls of immolation
 E - a scroll of poison
 F - 2 scrolls of silence
 G - a scroll of magic mapping
 R - 2 scrolls of blinking
Potions
 f - 4 potions of heal wounds
 i - 8 potions of curing
 k - 3 potions of mutation {unknown}
 m - a potion of lignification {unknown}
 x - 2 potions of flight {unknown}
 z - a potion of attraction {unknown}
 B - a potion of might {unknown}
 S - a potion of degeneration {unknown}
 W - 2 potions of resistance {unknown}


   Skills:
 - Level 2.0 Fighting
 - Level 3.6 Long Blades
 - Level 1.0 Throwing
 - Level 1.1 Armour
 + Level 11.1 Dodging
 - Level 2.0 Spellcasting
 - Level 10.1 Translocations
 - Level 10.0 Air Magic


You had 2 spell levels left.
You knew the following spells:

 Your Spells              Type           Power      Damage    Failure   Level
a - Blink                 Tloc           58%        N/A       1%          2
b - Vhi's Electric Charg  Tloc/Air       58%        N/A       1%          3
c - Kindle Blastsparks    Fire/Tloc/Air  40%        2d13      4%          3
d - Manifold Assault      Tloc           29%        N/A       3%          4

Your spell library contained the following spells:

 Spells                   Type           Power      Damage    Failure   Level
 Sandblast                Erth           2%         2d4       24%         1
 Passwall                 Tmut/Erth      0%         N/A       34%         2
 Lesser Beckoning         Tloc           58%        N/A       1%          3
 Teleport Other           Tloc           29%        N/A       1%          3
 Iskenderun's Mystic Bla  Conj/Tloc      15%        2d5       28%         4
 Stone Arrow              Conj/Erth      2%         3d7       56%         3
 Animate Dead             Necr           1%         N/A       93%         4
 Fulminant Prism          Conj/Hex       0%         3d5       93%         4
 Alistair's Intoxication  Tmut/Pois      0%         N/A       100%        5
 Borgnjor's Vile Clutch   Necr/Erth      0%         N/A       100%        5
 Iskenderun's Battlesphe  Conj           1%         2d6       100%        5
 Lee's Rapid Deconstruct  Erth           0%         3d4*      100%        5
 Death Channel            Necr           0%         N/A       100%        6
 Eringya's Noxious Bog    Tmut/Pois      0%         N/A       100%        6
 Iron Shot                Conj/Erth      0%         9d1       100%        6
 Spellforged Servitor     Conj/Summ      0%         N/A       100%        7


Dungeon Overview and Level Annotations

Branches:
Dungeon (11/15)            Temple (1/1) D:6            Lair (0/5) D:10
    Orc (0/2) D:9           IceCv (1/1)

Altars:
Ashenzari
Cheibriados
Dithmenos
Elyvilon
Fedhas
Gozag
Hepliaklqana
Kikubaaqudgha
Makhleb
Nemelex Xobeh
Okawaru
Qazlal
Ru
Trog
Uskayaw
Vehumet
Wu Jian
Xom
Yredelemnul
The Shining One

Shops:
D:6 [   D:8 !   D:9 [

Annotations:
D:3 2 runed translucent doors, eyesofgods1's ghost, amateur OpHu
D:8 Gastronok


Innate Abilities, Weirdness & Mutations

Your life essence is reduced to manifest your ancestor. (-10% HP)
You have a beak for a mouth.
You have claws for feet.
Your magical nature lets you fly swiftly and evasively.


Message History

2 elephant simulacra and a death yak simulacrum come into view.
There are monsters nearby!
Casting: Kindle Blastsparks (dangerous; 4% risk of failure)
Confirm with . or Enter, or press ? or * to list all spells.
A cloud of volatile blastsparks flares up around you!
Centenhua gestures at the elephant simulacrum while chanting.
The elephant simulacrum appears confused.
You swap places.
The cloud of blastsparks explodes!
Centenhua avoids your attack. The concussive blast engulfs you!!
The fire burns you terribly!
You are knocked back by the blast.
Centenhua is recalled.
You swap places.
Casting: Kindle Blastsparks (dangerous; 4% risk of failure)
Confirm with . or Enter, or press ? or * to list all spells.
A cloud of volatile blastsparks flares up around you!
Casting: Kindle Blastsparks (dangerous; 4% risk of failure)
Confirm with . or Enter, or press ? or * to list all spells.
Okay, then.
Centenhua casts a spell at the death yak simulacrum.
The death yak simulacrum resists with significant effort.
You hit the death yak simulacrum.
You melt the death yak simulacrum.
You peck the death yak simulacrum, but do no damage.
The death yak simulacrum is lightly damaged.
The death yak simulacrum gores you. The death yak simulacrum freezes you!
You resist.
You hit the death yak simulacrum.
You melt the death yak simulacrum.
You peck the death yak simulacrum, but do no damage.
The death yak simulacrum is lightly damaged.
The death yak simulacrum gores you!! The death yak simulacrum freezes you!
You resist.
* * * LOW HITPOINT WARNING * * *
Centenhua casts a spell at the death yak simulacrum.
The death yak simulacrum seems to slow down.
You swap places.
The cloud of blastsparks explodes!
Centenhua avoids your attack.
The concussive blast engulfs the death yak simulacrum!!
The death yak simulacrum melts!
The death yak simulacrum is severely damaged.
The concussive blast engulfs you. The fire burns you terribly!
You die...

##...##
##.##
....
###..#
#..# .##
##.# #.##
#..###.#
#Z.##Z.#
#.###.##
##.##Z##
#..##R#
#.###@#
##ยง###.#
##..##..#
#..###.##
##.###.#
#..#..#
##.#.##
#...#
#...#


You could see the friendly Centenhua the hexer, a death yak simulacrum (slow,
ally target) and an elephant simulacrum.

Vanquished Creatures
  Maurice (D:8)
  2 rime drakes (D:11)
  An efreet (D:10)
  A troll (D:8)
  3 wyverns
  3 yaks
  Eustachio (D:6)
  An acid dragon (D:10)
  4 water moccasins
  An ice beast (D:5)
  3 orc warriors (D:9)
  2 black bears (D:10)
  5 ogres
  6 centaurs
  3 phantoms
  2 kobold brigands
  7 bullfrogs
  A gnoll sergeant (D:9)
  5 scorpions
  2 two-headed ogre simulacra (IceCv)
  6 wights
  6 killer bees (D:7)
  An electric eel (D:8)
  A howler monkey (D:5)
  2 centaur zombies (D:7)
  2 jellies (D:5)
  3 bullfrog zombies (D:7)
  2 hounds
  3 orc priests
  5 iguanas
  11 orc wizards
  A troll simulacrum (IceCv)
  2 killer bee zombies (D:7)
  4 adders
  3 white imps
  An ufetubus (D:5)
  2 worms
  4 dart slugs
  29 orcs
  8 ball pythons
  3 bats
  7 endoplasms
  2 giant cockroaches (D:1)
  8 goblins
  5 hobgoblins
  2 jackals (D:4)
  5 quokkas
  4 frilled lizards
  21 kobolds
  4 rats
211 creatures vanquished.

Vanquished Creatures (collateral kills)
  3 yaks (D:8)
  A steam dragon (D:9)
  A water moccasin (D:10)
  A sky beast (D:8)
  3 orc warriors (D:9)
  2 centaurs
  A kobold brigand (D:7)
  A bullfrog zombie (D:7)
  3 kobolds (D:7)
16 creatures vanquished.

Vanquished Creatures (others)
  4 hexers
  4 ancestors
  An orc (D:9)
  28 fungi (D:10)
  57 plants
94 creatures vanquished.

Grand Total: 321 creatures vanquished

Notes
Turn   | Place    | Note
-------+----------+-------------------------------------------
     0 | D:1      | Leeroy the Tengu Warper began the quest for the Orb.
     0 | D:1      | Reached XP level 1. HP: 12/12 MP: 4/4
    69 | D:1      | Reached XP level 2. HP: 11/17 MP: 6/6
   360 | D:1      | Reached XP level 3. HP: 21/21 MP: 7/7
   363 | D:1      | Learned a level 2 spell: Blink
   367 | D:1      | Learned a level 3 spell: Vhi's Electric Charge
   752 | D:2      | You fall into a shaft and drop 1 floor!
   756 | D:3      | Found a sparkling altar of Nemelex Xobeh.
  1079 | D:4      | Reached XP level 4. HP: 26/26 MP: 8/8
  1171 | D:4      | Gained mutation: Your magical nature lets you fly swiftly
                  | and evasively. [Tengu growth]
  1171 | D:4      | Reached XP level 5. HP: 22/30 MP: 9/9
  1938 | D:5      | Entered Level 5 of the Dungeon
  1938 | D:5      | Noticed an orc warrior
  1947 | D:4      | Reached skill level 1 in Air Magic
  2148 | D:4      | Reached XP level 6. HP: 35/35 MP: 10/10
  2288 | D:3      | Found a large runed translucent door.
  2288 | D:3      | Found a large runed translucent door.
  2308 | D:3      | Learned a level 3 spell: Kindle Blastsparks
  2590 | D:3      | Noticed eyesofgods1's ghost (amateur OpHu)
  2654 | D:5      | Noticed an ice beast
  2797 | D:5      | Killed an ice beast
  2798 | D:5      | Reached skill level 5 in Translocations
  2897 | D:5      | Reached XP level 7. HP: 40/40 MP: 7/11
  3249 | D:5      | Found a stormy altar of Qazlal.
  3279 | D:5      | Reached skill level 5 in Air Magic
  3633 | D:5      | Reached XP level 8. HP: 30/44 MP: 4/12
  4464 | D:6      | Noticed Eustachio
  4482 | D:6      | Killed Eustachio
  4564 | D:6      | Found a staircase to the Ecumenical Temple.
  4641 | Temple   | Entered the Ecumenical Temple
  4660 | Temple   | Became a worshipper of Hepliaklqana the Forgotten
  4728 | D:6      | Reached XP level 9. HP: 48/48 MP: 7/13
  5149 | D:6      | Found Iseyf's Armour Boutique.
  5318 | D:6      | Found an iron altar of Okawaru.
  5328 | D:6      | Reached skill level 10 in Air Magic
  5999 | D:7      | Reached * piety under Hepliaklqana
  6006 | D:7      | Identified the +3 robe of Claustrophobia {-Tele Dex+5
                  | Archmagi}
  6250 | D:7      | Found a basalt altar of Yredelemnul.
  6807 | D:7      | Reached XP level 10. HP: 32/47 MP: 10/14
  6944 | D:7      | Learned a level 4 spell: Manifold Assault
  6980 | D:8      | Reached skill level 10 in Translocations
  7158 | D:8      | Found Josom's Distillery.
  7162 | D:8      | Noticed Gastronok
  7332 | D:9      | Found a staircase to the Orcish Mines.
  7385 | D:9      | Reached skill level 3 in Dodging
  7474 | D:8      | Reached skill level 4 in Dodging
  7507 | D:8      | Reached skill level 5 in Dodging
  7980 | D:8      | Found a glowing golden altar of the Shining One.
  7982 | D:8      | Found a radiant altar of Vehumet.
  8016 | D:8      | Identified the +3 mace of Inconvenience {freeze, rF- rN+
                  | Int+3 Dex+4}
  8060 | D:8      | Noticed Maurice
  8062 | D:8      | Found a shimmering altar of Xom.
  8071 | D:8      | Killed Maurice
  8072 | D:8      | Reached skill level 6 in Dodging
  8086 | D:8      | Found a blossoming altar of Fedhas.
  8091 | D:8      | Found an ornate altar of the Wu Jian Council.
  8180 | D:8      | Reached skill level 7 in Dodging
  8740 | D:9      | Reached skill level 8 in Dodging
  8846 | D:9      | Found Neafam's Antique Armour Shop.
  8855 | D:9      | Reached ** piety under Hepliaklqana
  8856 | D:9      | Remembered your ancestor Centenhua as a hexer
  8925 | D:9      | Reached skill level 9 in Dodging
  8933 | D:10     | Entered Level 10 of the Dungeon
  9034 | D:11     | Noticed a two-headed ogre
  9041 | D:11     | Noticed a red ugly thing
  9064 | D:10     | Reached XP level 11. HP: 21/51 MP: 12/15
  9173 | D:10     | Reached skill level 10 in Dodging
  9192 | D:10     | Found a staircase to the Lair.
  9413 | D:11     | Found a frozen archway.
  9425 | D:11     | Reached skill level 11 in Dodging
  9429 | IceCv    | Entered an ice cave
  9903 | IceCv    | Killed themself with a badly aimed concussive blast

Illustrated notes

Levels and vault maps discovered:
D:1:      dpeg_arrival_water_temple_mockup, layout_rooms, minmay_box_of_dots
D:2:      layout_basic, kennysheep_potato
D:3:      layout_rooms, mainiacjoe_overflow_concentric_impassable,
          ebering_ghost_disaster_area
D:4:      layout_loops_corners, minmay_misc_feat_more_columns
D:5:      minmay_chambers_of_threes, layout_cave_pools,
          mainiacjoe_overflow_alcove_1, minmay_misc_feat_nine_boxes,
          serial_bayou_lagoon_a, nrook_mini_vaults
D:6:      layout_basic, okawaru_gym_becter, minmay_temple_entry_slanted,
          serial_shops, shop, minivault_24, uniq_eustachio
D:7:      layout_loops_ring, nicolae_yredelemnul_corpse_copse,
          grunt_ministairs_6, minmay_a_box_with_orc_wizards_in_it
D:8:      layout_loops_ring, minmay_overflow_temple_star_quad,
          nicolae_overflow_squiral, serial_shops, shop, uniq_maurice,
          uniq_gastronok
D:9:      minmay_the_grid_4x2 [minmay_the_grid_fan, minmay_the_grid_medium_cups,
          minmay_the_grid_all_tris, minmay_the_grid_minigrid_large,
          minmay_the_grid_eight, minmay_the_grid_small_cups,
          minmay_the_grid_dragon_a, minmay_the_grid_prize_four_corners],
          layout_rooms, david_orc_5, nicolae_stop_n_shop_1
D:10:     layout_basic, lemuel_blue_sif_altar, kennysheep_mini,
          due_lair_maze_entry_diamond
D:11:     layout_basic, portal_ice_cave_rime
Temple:   minmay_freezing_vapour_temple
IceCv:    ice_cave_caverns_01

Skill      XL: |  1  2  3  4  5  6  7  8  9 10 11 |
---------------+----------------------------------+-----
Long Blades    | 3 |  3.6
Translocations | 3 4 5 6 7 9 10 | 10.1
Air Magic      | 2 4 6 9 10 | 10.0
Dodging        | 9 11 | 11.1
Fighting       | |  2.0
Throwing       | |  1.0
Armour         | |  1.1
Spellcasting   | |  2.0

Action                   |  1- 3 |  4- 6 |  7- 9 | 10-12 || total
-------------------------+-------+-------+-------+-------++-------
Melee: Falchion          |    35 |       |       |       ||    35
       Kick              |    23 |    27 |    90 |    83 ||   223
       Peck              |    10 |    18 |    62 |    65 ||   155
       Dagger            |    55 |    31 |       |       ||    86
       Rapier            |       |    63 |    67 |   132 ||   262
       Punch             |       |     2 |     2 |     2 ||     6
       Short sword       |       |       |   193 |    43 ||   236
       Scimitar          |       |       |       |    59 ||    59
Throw: Boomerang         |       |       |     1 |       ||     1
 Cast: Blink             |     1 |     1 |     2 |     7 ||    11
       Kindle Blastspark |       |     5 |    37 |    21 ||    63
       Vhi's Electric Ch |       |       |     7 |    10 ||    17
Invok: Recall Ancestor   |       |       |       |     6 ||     6
       Ancestor Life: He |       |       |       |     1 ||     1
Evoke: Wand              |       |       |     1 |     7 ||     8
  Use: Potion            |       |       |     2 |       ||     2
       Scroll            |       |       |       |    12 ||    12
 Stab: Sleeping          |     1 |       |     2 |       ||     3
       Distracted        |       |       |     1 |     1 ||     2
       Confused          |       |       |       |     2 ||     2
Armor: Leather armour    |    17 |     7 |       |       ||    24
       Robe              |       |    22 |    30 |    20 ||    72
Dodge: Dodged            |    65 |    79 |   179 |   296 ||   619

Table legend: (Time is in decaauts)
 A = Elapsed time spent in this place.
 B = Non-inter-level travel time spent in this place.
 C = Inter-level travel time spent in this place.
 D = Time resting spent in this place.
 E = Time spent auto-exploring this place.
 F = Levels seen in this place.
 G = Mean time per level.
                   A        B        C        D        E       F      G
               +--------+--------+--------+--------+--------+-----+--------+
         Total |   9331 |   8739 |    592 |   1391 |   5173 |  13 |  717.8 |
       Dungeon |   8845 |   8264 |    581 |   1140 |   5031 |  11 |  804.1 |
        Temple |     22 |     12 |     10 |      0 |      9 |   1 |   22.0 |
      Ice Cave |    463 |    463 |      0 |    251 |    132 |   1 |  463.0 |
               +--------+--------+--------+--------+--------+-----+--------+

Top non-repeatable levels by time:
     D:4: 1538 daAuts
     D:5: 1520 daAuts
     D:7: 1327 daAuts
     D:6: 1255 daAuts
     D:8: 1220 daAuts
     D:1: 666 daAuts
   IceCv: 463 daAuts
     D:3: 449 daAuts
     D:9: 298 daAuts
    D:10: 293 daAuts
    D:11: 188 daAuts
     D:2: 87 daAuts
  Temple: 22 daAuts
